 Dungeon Crawl Stone Soup version 0.31-a0-358-gac0dbeb3ab (webtiles) character file.

Game seed: 7559153893317644564

233 randomguy2701 the Covered (level 5, 0/47 HPs)
             Began as a Minotaur Fighter on July 26, 2023.
             Slain by an orc priest
             ... wielding a +0 whip
              (2 damage)
             ... on level 4 of the Dungeon.
             The game lasted 00:03:48 (2892 turns).

randomguy2701 the Covered (Minotaur Fighter)        Turns: 2892, Time: 00:03:49

Health: 0/47       AC:  8    Str: 20    XL:     5   Next: 75%
Magic:  4/4        EV:  9    Int:  5    God:
Gold:   201        SH:  5    Dex: 12    Spells: 4/4 levels left

rFire   . . .        a - +0 war axe
rCold   . . .        c - +0 buckler
rNeg    . . .        b - +0 scale mail
rPois   .            (helmet restricted)
rElec   .            (no cloak)
rCorr   .            o - +0 pair of gloves
SInv    .            (no boots)
Will    .....        (no amulet) Stlth
                     (no ring)
HPRegen 0.27/turn    (no ring)
MPRegen 0.09/turn

%: no passive effects
@: mighty
A: horns 2, retaliatory headbutt
a: no special abilities


You were on level 4 of the Dungeon.
You visited 1 branch of the dungeon, and saw 4 of its levels.

You collected 201 gold pieces.

Inventory:

Hand Weapons
 a - a +0 war axe (weapon)
Armour
 b - a +0 scale mail (worn)
 c - a +0 buckler (worn)
 o - a +0 pair of gloves (worn)
Jewellery
 p - a +6 ring of intelligence
 r - a ring of fire
Scrolls
 f - a scroll of teleportation {unknown}
 g - 2 scrolls of enchant weapon {unknown}
 i - a scroll of amnesia {unknown}
 j - a scroll of fog {unknown}
 s - a scroll of enchant armour {unknown}
 t - 2 scrolls of silence {unknown}
Potions
 e - 3 potions of heal wounds {unknown}
 h - 3 potions of curing {unknown}
 k - 3 potions of ambrosia {unknown}
 l - a potion of attraction {unknown}
 m - a potion of enlightenment {unknown}
 n - 2 potions of berserk rage {unknown}
 q - a potion of resistance {unknown}


   Skills:
 + Level 4.6 Fighting
 + Level 5.0 Axes
 + Level 5.2 Armour
 + Level 0.3 Dodging
 - Level 0.2 Stealth
 + Level 4.2 Shields


You had 4 spell levels left.
You didn't know any spells.
Your spell library contained the following spells:

 Spells                   Type           Power      Damage    Failure   Level
 Blink                    Tloc           0%         N/A       95%         2
 Lesser Beckoning         Tloc           0%         N/A       95%         2
 Momentum Strike          Conj/Tloc      0%         3d8       95%         2


Dungeon Overview and Level Annotations

Branches:
Dungeon (4/15)             Temple (0/1) D:4

Altars:
Fedhas
Nemelex Xobeh
Xom

Annotations:
D:3 1 runed translucent door, Crazy Yiuf


Innate Abilities, Weirdness & Mutations

You have a pair of horns on your head.
You reflexively headbutt those who attack you in melee.


Message History

The orc priest casts a cantrip, but nothing happens.
An orc comes into view. It is wielding a +0 whip.
The orc shouts!
Found a staircase to the Ecumenical Temple.
You block the orc's attack. The orc hits you with a +0 whip.
An ogre comes into view. It is wielding a +0 giant club.
You slash the orc!
You kill the orc!
You hit the orc. The orc hits you with a +0 whip.
You barely miss the orc.
The orc is severely wounded.
The orc barely misses you.
You slash the orc!
You kill the orc!
You closely miss the orc priest. You hit the orc priest.
You block the orc priest's attack.
The orc priest hits you but does no damage. x2
The orc hits you but does no damage.
You closely miss the orc priest.
The orc priest is heavily wounded.
You completely miss the orc. You hit the orc priest.
The orc priest hits you but does no damage.
The orc hits you with a +0 whip.
The orc priest calls upon Beogh to heal the orc priest.
The orc priest's wounds heal themselves!
The ogre attacks as you move away!
The ogre hits you with a +0 giant club!!
Ouch! That really hurt!
* * * LOW HITPOINT WARNING * * *
The orc priest mumbles some strange prayers to Beogh against you.
Beogh smites you!
* * * LOW HITPOINT WARNING * * *
You feel very mighty all of a sudden. The orc barely misses you.
You slash the orc!
You kill the orc!
You barely miss the orc priest.
The orc priest looks satisfied for a moment.
The orc priest hits you with a +0 whip.
You die...

##$.##...P.P...
#..............
........>....
#...)......
#...)......
##.o#.......
#...#####...
####.oO# #
#.....@###
#........#
##.......##
##...(...#
##.....##
#.....# #..#..#
#..#### ##..#


You could see an ogre and 2 orc priests.

Vanquished Creatures
  Pargi (D:3)
  Terence (D:3)
  An adder (D:2)
  4 worms (D:2)
  A dart slug (D:1)
  5 orcs
  6 ball pythons
  5 endoplasms
  4 giant cockroaches
  7 goblins
  5 hobgoblins
  12 jackals
  8 kobolds
  A quokka (D:1)
  7 bats
  6 frilled lizards
  5 rats
79 creatures vanquished.

Notes
Turn   | Place    | Note
-------+----------+-------------------------------------------
     0 | D:1      | randomguy2701 the Minotaur Fighter began the quest for the
                  | Orb.
     0 | D:1      | Reached XP level 1. HP: 19/19 MP: 0/0
    97 | D:1      | Reached XP level 2. HP: 27/27 MP: 1/1
   426 | D:1      | Reached XP level 3. HP: 33/33 MP: 2/2
  1102 | D:2      | Found a faded altar of an unknown god.
  1136 | D:2      | Found a blossoming altar of Fedhas.
  1364 | D:2      | Reached XP level 4. HP: 37/40 MP: 3/3
  1921 | D:3      | Found a shimmering altar of Xom.
  1934 | D:3      | Found a sparkling altar of Nemelex Xobeh.
  2052 | D:3      | Noticed Terence
  2058 | D:3      | Killed Terence
  2226 | D:3      | Found a blossoming altar of Fedhas.
  2452 | D:3      | Noticed Pargi
  2494 | D:3      | Killed Pargi
  2495 | D:3      | Reached skill level 5 in Axes
  2495 | D:3      | Reached skill level 5 in Armour
  2495 | D:3      | Reached XP level 5. HP: 26/47 MP: 4/4
  2803 | D:3      | Found a runed translucent door.
  2804 | D:3      | Noticed Crazy Yiuf
  2881 | D:4      | Found a staircase to the Ecumenical Temple.
  2881 | D:4      | Noticed an ogre
  2887 | D:4      | HP: 1/47 [orc priest/divine providence (13)]
  2892 | D:4      | Slain by an orc priest

Illustrated notes

Levels and vault maps discovered:
D:1:      dpeg_arrival_three_smaller_balls, layout_basic, grunt_decor_junction,
          st_stairs_3, minmay_statues_item, chequers_serial_rivers_room_b,
          minmay_pentomino_w4
D:2:      layout_basic, basic_altar, ebering_ecumenical_altar_sacrificial,
          minmay_misc_feat_four_crosses, minmay_misc_feat_enclosed
D:3:      minmay_recursive_quarters, layout_rooms, mainiacjoe_overflow_24_doors,
          nicolae_overflow_squiral, serial_aquarium, aquarium_bridge_square
          [aquarium_subvault_window, aquarium_subvault_bridge,
          aquarium_subvault_wall, aquarium_subvault_bridge],
          aquarium_window_fake, aquarium_window_1, aquarium_window_2,
          aquarium_window_1, aquarium_view_2a, aquarium_view_2d,
          aquarium_balcony_3a, aquarium_pool_split, uniq_terence,
          uniq_crazy_yiuf_cottage, uniq_pargi
D:4:      layout_cave_pods, nicolae_vehumet_altar_sigil,
          minmay_temple_entry_gardened_gates

Skill      XL: |  1  2  3  4 |
---------------+-------------+-----
Shields        | 4 |  4.2
Armour         | 4 5 |  5.2
Fighting       | 4 |  4.6
Axes           | 3 5 |  5.0
Dodging        | |  0.3
Stealth        | |  0.2

Action                     |  1- 3 |  4- 6 || total
---------------------------+-------+-------++-------
  Melee: War axe           |   118 |    50 ||   168
         Headbutt          |    17 |     4 ||    21
    Use: Potion            |       |     1 ||     1
 Armour: Scale mail        |    55 |    36 ||    91
  Dodge: Dodged            |    51 |    28 ||    79
  Block: Buckler           |    30 |    20 ||    50

Table legend: (Time is in decaauts)
 A = Elapsed time spent in this place.
 B = Non-inter-level travel time spent in this place.
 C = Inter-level travel time spent in this place.
 D = Time resting spent in this place.
 E = Time spent auto-exploring this place.
 F = Levels seen in this place.
 G = Mean time per level.
                   A        B        C        D        E       F      G
               +--------+--------+--------+--------+--------+-----+--------+
         Total |   2952 |   2785 |    167 |      0 |   2322 |   4 |  738.0 |
       Dungeon |   2952 |   2785 |    167 |      0 |   2322 |   4 |  738.0 |
               +--------+--------+--------+--------+--------+-----+--------+

Top non-repeatable levels by time:
     D:2: 1024 daAuts
     D:1: 941 daAuts
     D:3: 930 daAuts
     D:4: 56 daAuts
